 Dungeon Crawl Stone Soup version 0.29.1-15-g9cfb28693d (webtiles) character file.

Game seed: 4137774625360563506

9 Exodus22XD the Caller (level 2, 0/11 HPs)
             Began as a Felid Summoner on Apr 15, 2023.
             Succumbed to an adder's poison
             ... on level 2 of the Dungeon.
             The game lasted 00:03:21 (594 turns).

Exodus22XD the Caller (Felid Summoner)               Turns: 594, Time: 00:03:22

Health: 0/11       AC:  1    Str:  3 (4)  XL:     2   Next: 3%
Magic:  2/6        EV: 17    Int: 14 (16) God:
Gold:   39         SH:  0    Dex: 13 (16) Spells: 2/5 levels left
                                        Lives:  0   Deaths: 0

rFire   . . .      SeeInvis +   (weapon unavailable)
rCold   . . .      Faith    .   (shield unavailable)
rNeg    . . .      Spirit   .   (body armour unavailable)
rPois   .          Reflect  .   (helmet unavailable)
rElec   .          Harm     .   (cloak unavailable)
rCorr   .          Rampage  .   (gloves unavailable)
Will    .....                   (boots unavailable)
Stlth   ++........              (no amulet)
HPRegen 0.03/turn               (no ring)
MPRegen 0.10/turn               (no ring)

@: lethally poisoned (0 -> -1), quick
A: very small, claws 1, fangs 3, see invisible, speed 1, shaggy fur 1, stealthy
paws, no weapons or thrown items, no armour, multi-lived
a: no special abilities


You were on level 2 of the Dungeon.
You visited 1 branch of the dungeon, and saw 2 of its levels.

You collected 39 gold pieces.

Inventory:

Scrolls
 b - 3 scrolls of fear {unknown}
 c - a scroll of amnesia {unknown}
 d - a scroll of identify {unknown}
 f - a scroll of poison {unknown}
Potions
 a - a potion of magic


   Skills:
 - Level 2.6 Dodging
 - Level 2.6 Stealth
 + Level 2.1 Spellcasting
 + Level 4.4 Summonings


You had 2 spell levels left.
You knew the following spells:

 Your Spells              Type           Power      Damage    Failure   Level
a - Summon Small Mammal   Summ           52%        N/A       3%          1
b - Call Imp              Summ           13%        N/A       6%          2

Your spell library contained the following spells:

 Spells                   Type           Power      Damage    Failure   Level
 Call Canine Familiar     Summ           13%        N/A       12%         3
 Summon Guardian Golem    Hex/Summ       7%         N/A       28%         3
 Summon Lightning Spire   Summ/Air       7%         N/A       67%         4
 Freezing Cloud           Conj/Ice/Air   0%         6-21      100%        5
 Simulacrum               Ice/Necr       0%         N/A       100%        6
 Polar Vortex             Ice            0%         N/A       100%        9


Dungeon Overview and Level Annotations

Branches:
Dungeon (2/15)

Altars:


Innate Abilities, Weirdness & Mutations

You have sharp claws.
You have razor-sharp teeth.
You have supernaturally acute eyesight. (SInv)
You cover ground quickly. (Speed+)
You are covered in fur. (AC +1)
Your paws help you pounce on unaware monsters.
You are incapable of wielding weapons or throwing items.
You cannot wear armour.
You gain extra lives every three experience levels.


Message History

Confirm with . or Enter, or press ? or * to list all spells.
A shadowy apparition takes form in the air.
Your bat misses the adder.
Casting: Call Imp (safe; 4% risk of failure)
Confirm with . or Enter, or press ? or * to list all spells.
The adder barely misses you.
Your bat closely misses the adder.
The adder attacks as you move away! The adder bites you.
You are lethally poisoned!
The adder poisons you!
You feel sick.
Your bat hits the adder.
The adder bites your shadow imp but does no damage.
The adder closely misses your shadow imp.
You feel sick.
Your shadow imp closely misses the adder.
The adder bites your shadow imp.
Okay, then.
You feel sick.
Your bat completely misses the adder.
Your rat barely misses the adder.
Your shadow imp gestures at the adder.
The adder barely resists.
The adder misses your shadow imp.
* * * LOW HITPOINT WARNING * * *
You feel sick.
Your bat hits the adder.
The adder barely misses your shadow imp.
Your rat barely misses the adder.
Your shadow imp misses the adder.
It was a potion of degeneration.
There was something very wrong with that liquid.
You feel weakened.
You feel dopey.
You feel clumsy.
* * * LOW HITPOINT WARNING * * *
You feel sick. The adder bites your shadow imp.
Your bat barely misses the adder.
Your rat bites the adder.
Your shadow imp hits the adder.
The adder barely misses your shadow imp.
Your bat hits the adder.
Unknown command.
* * * LOW HITPOINT WARNING * * *
You feel sick.
Your rat barely misses the adder.
Your shadow imp misses the adder.
The adder bites your bat.
Your bat dies!
Your bat's corpse disappears in a puff of smoke!
The adder hisses angrily.
You die...

.....#. .....
.##.#.#
...#.###
#....[#
#.....##
#.§Sr..#
#..####..§5..#
#.....<.§..@.#
##.#####.###.#
#.... ...
#.######## #.
#. #.


You could see an adder (ally target), a friendly shadow imp (summoned) and a
friendly rat (summoned).

Vanquished Creatures (collateral kills)
  A dart slug (D:1)
  A kobold (D:1)
  2 ball pythons (D:1)
  2 bats (D:1)
  A rat (D:1)
7 creatures vanquished.

Notes
Turn   | Place    | Note
-------+----------+-------------------------------------------
     0 | D:1      | Exodus22XD the Felid Summoner began the quest for the Orb.
     0 | D:1      | Reached XP level 1. HP: 7/7 MP: 4/4
   526 | D:1      | Reached XP level 2. HP: 11/11 MP: 1/6
   586 | D:2      | Learned a level 2 spell: Call Imp
   594 | D:2      | Succumbed to an adder's poison

Illustrated notes

Levels and vault maps discovered:
D:1:      lightli_arrival_lavapool, layout_loops_cross
D:2:      layout_loops_ring, basic_altar

Action                   || total
-------------------------++-------
 Cast: Summon Small Mamm ||    14
       Call Imp          ||     1
  Use: Potion            ||     1
Armor: Skin              ||     1
Dodge: Dodged            ||     7
